General information
- name: BNet
- type: Ladder team game (AT/RT)
- host: Battle.net
- saver: TIMG4STRok
map: TurtleRock
- players: 4
- length: 09:32
- speed: Fast
- version: 1.21 W3XP
- replay type:

» download(51 KB)
Players
team 1 (loser)
DanHxCore (
yellow | 63 APM | 333 actions | 05:15)
2 Death Knight
1 Death Coil
1 Unholy Aura
» actions
| Assign group hotkey | 10 | |
| Build / train | 20 | |
| Enter build submenu | 7 | |
| Enter hero's abilities submenu | 2 | |
| Right click | 147 | |
| Select / deselect | 67 | |
| Select group hotkey | 57 | |
| Use ability | 23 | |
333 total
» units
| Acolyte | 2 | |
| Ghoul | 3 | |
| Crypt Fiend | 6 | |
11 total
» upgrades
» buildings
| Graveyard | 1 | |
| Crypt | 1 | |
| Ziggurat | 3 | |
| Altar of Darkness | 1 | |
| Tomb of Relics | 1 | |
| Nerubian Tower | 1 | |
| Halls of the Dead | 1 | |
9 total
» build order
00:06 Graveyard
00:09 Crypt
00:12 Ziggurat
00:36 Altar of Darkness
00:56 Tomb of Relics
01:43 Ziggurat
02:21 Nerubian Tower
03:19 Ziggurat
04:07 Halls of the Dead
» items
| Rod of Necromancy | 1 | |
| Dust of Appearance | 1 | |
2 total
Hunter-Killer- (
teal | 81 APM | 770 actions | 09:31)
2 Priestess of the Moon
1 Searing Arrows
1 Trueshot Aura
1 Lich
1 Frost Nova
1 Death Knight
1 Unholy Aura
» actions
| Assign group hotkey | 13 | |
| Build / train | 42 | |
| Enter build submenu | 10 | |
| Enter hero's abilities submenu | 4 | |
| Give item / drop item | 2 | |
| Right click | 394 | |
| Select / deselect | 180 | |
| Select group hotkey | 91 | |
| Use ability | 34 | |
770 total
» units
| Wisp | 13 | |
| Huntress | 7 | |
| Crypt Fiend | 1 | |
21 total
» upgrades
» buildings
| Altar of Elders | 1 | |
| Moon Well | 4 | |
| Hunter's Hall | 1 | |
| Ancient of War | 2 | |
| Ziggurat | 1 | |
| Black Citadel | 2 | |
| Slaughterhouse | 1 | |
| Spirit Tower | 4 | |
16 total
» build order
00:15 Altar of Elders
00:24 Moon Well
02:10 Hunter's Hall
02:13 Ancient of War
02:16 Ancient of War
02:19 Moon Well
03:31 Moon Well
06:05 Moon Well
06:12 Ziggurat
07:27 Black Citadel
07:30 Slaughterhouse
08:37 Spirit Tower
08:45 Spirit Tower
08:46 Spirit Tower
08:46 Spirit Tower
» items
| Scroll of Town Portal | 1 | |
| Potion of Healing | 1 | |
| Potion of Mana | 1 | |
| Rod of Necromancy | 1 | |
4 total
team 2 (winner)

»
iggy_the_fisk (
blue | 113 APM | 1081 actions | 09:31)
3 Demon Hunter
2 Mana Burn
1 Evasion
» actions
| Assign group hotkey | 170 | |
| Basic commands | 2 | |
| Build / train | 32 | |
| Enter build submenu | 13 | |
| Enter hero's abilities submenu | 3 | |
| Right click | 529 | |
| Select / deselect | 100 | |
| Select group hotkey | 203 | |
| Use ability | 29 | |
1081 total
» units
» upgrades
| Abolish Magic | 1 | |
| Druid of the Claw Training | 1 | |
2 total
» buildings
| Altar of Elders | 1 | |
| Moon Well | 5 | |
| Ancient of War | 1 | |
| Hunter's Hall | 1 | |
| Tree of Ages | 4 | |
| Ancient of Lore | 2 | |
| Ancient of Wonders | 1 | |
15 total
» build order
00:05 Altar of Elders
00:28 Moon Well
01:29 Ancient of War
01:35 Hunter's Hall
02:25 Tree of Ages
02:26 Tree of Ages
02:26 Tree of Ages
03:30 Moon Well
03:31 Moon Well
04:19 Moon Well
05:25 Ancient of Lore
05:28 Ancient of Lore
05:38 Moon Well
07:56 Ancient of Wonders

»
TIMG4STRok (
orange | 131 APM | 1254 actions | 09:32)
3 Demon Hunter
2 Mana Burn
1 Evasion
» actions
| Assign group hotkey | 20 | |
| Basic commands | 42 | |
| Build / train | 25 | |
| Enter build submenu | 9 | |
| Enter hero's abilities submenu | 3 | |
| Right click | 660 | |
| Select / deselect | 115 | |
| Select group hotkey | 353 | |
| Use ability | 27 | |
1254 total
» units
» buildings
| Altar of Elders | 1 | |
| Moon Well | 5 | |
| Hunter's Hall | 1 | |
| Ancient of War | 2 | |
9 total
» build order
00:03 Altar of Elders
00:19 Moon Well
01:24 Hunter's Hall
01:45 Ancient of War
02:04 Ancient of War
02:19 Moon Well
03:36 Moon Well
04:30 Moon Well
07:22 Moon Well
Chat log
(00:18 / All) DanHxCore: glhf
(00:26 / All) TIMG4STRok: make a lot of hunts ok
(00:30 / All) TIMG4STRok: and dont forget the fiends
(00:33 / All) iggy_the_fisk: a dk
(00:34 / All) iggy_the_fisk: a potm
(00:40 / All) DanHxCore: kk
(00:46 / All) TIMG4STRok: abuse your way up the ladder to make up for apparent lack of skill
(00:48 / All) DanHxCore: GLHF
(00:51 / All) iggy_the_fisk: ps send the potm to harass asap ds
(00:52 / All) DanHxCore: k
(01:02 / All) DanHxCore: yes sir!
(01:03 / All) TIMG4STRok: maybe get flaming arrows first, to throw us off
(01:21 / All) Hunter-Killer-: maybe stfu and play?
(01:27 / All) TIMG4STRok: lmao says the undead
(01:29 / All) DanHxCore: no be nice they're pros
(01:35 / All) TIMG4STRok: guy learn a real race then you can talk in all chat.
(01:38 / All) DanHxCore: that means no lifes
(01:51 / All) DanHxCore: i can play orc if u want
(02:02 / All) TIMG4STRok: sweet attack move race
(02:08 / All) TIMG4STRok: one step above mass hunt
(02:14 / All) DanHxCore: u guys seem imature and have no lives ^_^
(02:17 / All) DanHxCore: so gg i win in life
(02:23 / All) iggy_the_fisk: u got vent
(02:33 / All) DanHxCore: no :) because i rather not talk to gaming noobs
(03:18 / All) TIMG4STRok: gj
(05:15 / All) iggy_the_fisk: sorry
(05:16 / All) TIMG4STRok: thanks for sucking
(06:10 / All) TIMG4STRok: hope you enjoy mass hunts as much as i do
(06:21 / All) iggy_the_fisk: all game every game
(09:18 / All) TIMG4STRok: leave
(09:30 / All) Hunter-Killer-: u fucking lucky noob